TOP OF THE 1ST |
Beloit Snappers batting - Pitching for Lexington Legends : RHP Tony Jimenez
|
Pitching: RHP Tony Jimenez
|
|
Batting: LHB Jeremy Brammer
|
0-0: Ball 1-0: Swinging Strike 1-1: Called Strike 1-2: Strikes out looking
|
Batting: RHB Travis Robinson
|
0-0: Ball 1-0: Ball 2-0: Ball 3-0: Base on Balls
|
Batting: RHB Shannon Beck
|
0-0: Ball 1-0: Ball 2-0: Called Strike 2-1: Foul Ball, location: 2F 2-2: Grounds into double play, 5-4-3 (Groundball, 5L, EV 108.1 MPH)
|
Top of the 1st over - 0 runs, 0 hits, 0 errors, 0 left on base; Beloit 0 - Lexington 0 |
BOTTOM OF THE 1ST |
Lexington Legends batting - Pitching for Beloit Snappers : RHP Terry Evans
|
Pitching: RHP Terry Evans
|
|
Batting: RHB Tim Persson
|
0-0: Foul Ball, location: 2F 0-1: Swinging Strike 0-2: Ball 1-2: Strikes out looking
|
Batting: LHB Bobby Gonzalez
|
0-0: Fly out, F7 (Flyball, 7, EV 86.9 MPH)
|
Batting: SHB Bill Ertl
|
0-0: Ball 1-0: Called Strike 1-1: Ball 2-1: Ball 3-1: Foul Ball, location: 2F 3-2: Strikes out swinging
|
Bottom of the 1st over - 0 runs, 0 hits, 0 errors, 0 left on base; Beloit 0 - Lexington 0 |
TOP OF THE 2ND |
Beloit Snappers batting - Pitching for Lexington Legends : RHP Tony Jimenez
|
Batting: RHB Moses Brokken
|
0-0: Ball 1-0: Ball 2-0: Ball 3-0: Base on Balls
|
Batting: RHB Roger Simmons
|
Pickoff Play to 1st, Runner tries for 2nd, OUT after rundown. 0-0: Called Strike 0-1: Ball 1-1: Ball 2-1: Ground out 4-3 (Groundball, 4, EV 83.1 MPH)
|
Batting: SHB Ivan Barry
|
0-0: Called Strike 0-1: Called Strike 0-2: Strikes out swinging
|
Top of the 2nd over - 0 runs, 0 hits, 0 errors, 0 left on base; Beloit 0 - Lexington 0 |
BOTTOM OF THE 2ND |
Lexington Legends batting - Pitching for Beloit Snappers : RHP Terry Evans
|
Batting: LHB Kevin Rolison
|
0-0: Fly out, F9 (Line Drive, 9, EV 86.9 MPH)
|
Batting: LHB Joe Cozart
|
0-0: Ball 1-0: Ground out 1-3 (Groundball, 34S, EV 60.0 MPH)
|
Batting: LHB Randy Stapleton
|
0-0: Ball 1-0: Called Strike 1-1: Swinging Strike 1-2: Ball 2-2: Ball 3-2: Foul Ball, location: 2F 3-2: Base on Balls
|
Batting: RHB Justin Goff
|
0-0: Called Strike 0-1: Ball 1-1: Ground out 4-3 (Groundball, 34S, EV 83.8 MPH)
|
Bottom of the 2nd over - 0 runs, 0 hits, 0 errors, 1 left on base; Beloit 0 - Lexington 0 |
TOP OF THE 3RD |
Beloit Snappers batting - Pitching for Lexington Legends : RHP Tony Jimenez
|
Batting: SHB Matt Sybrant
|
0-0: Called Strike 0-1: Ball 1-1: Ball 2-1: Fly out, F9 (Flyball, 9D, EV 93.1 MPH)
|
Batting: RHB Manny Moron
|
0-0: Called Strike 0-1: Ball 1-1: DOUBLE (Groundball, 5L, EV 102.5 MPH)
|
Batting: RHB Josh Mauer
|
0-0: Ball 1-0: Ball 2-0: Ball 3-0: Called Strike 3-1: Foul Ball, location: 2F 3-2: Ground out 6-3 (Groundball, 56, EV 81.9 MPH)
|
Batting: LHB Jeremy Brammer
|
0-0: Ball 1-0: Ball 2-0: Foul Ball, location: 2F 2-1: Foul Ball, location: 2F 2-2: Strikes out swinging
|
Top of the 3rd over - 0 runs, 1 hit, 0 errors, 1 left on base; Beloit 0 - Lexington 0 |
BOTTOM OF THE 3RD |
Lexington Legends batting - Pitching for Beloit Snappers : RHP Terry Evans
|
Batting: LHB Danny Pacheco
|
0-0: Ground out 5-3 (Groundball, 6, EV 80.0 MPH)
|
Batting: RHB Oren Jones
|
0-0: Ball 1-0: Ball 2-0: Called Strike 2-1: Ball 3-1: Base on Balls
|
Batting: RHB Tim Persson
|
0-0: Ball 1-0: Foul Ball, location: 2F 1-1: Called Strike 1-2: 2-RUN HOME RUN (Flyball, 78XD, EV 105.6 MPH), Distance : 402 ft
|
Batting: LHB Bobby Gonzalez
|
0-0: Called Strike 0-1: Ball 1-1: Called Strike 1-2: Ball 2-2: Ball 3-2: Ground out 6-3 (Groundball, 4MS, EV 84.4 MPH)
|
Batting: SHB Bill Ertl
|
0-0: Ball 1-0: Ball 2-0: Ball 3-0: Ground out 6-3 (Groundball, 6, EV 88.8 MPH)
|
Bottom of the 3rd over - 2 runs, 1 hit, 0 errors, 0 left on base; Beloit 0 - Lexington 2 |
TOP OF THE 4TH |
Beloit Snappers batting - Pitching for Lexington Legends : RHP Tony Jimenez
|
Batting: RHB Travis Robinson
|
0-0: Ball 1-0: Ball 2-0: Called Strike 2-1: Foul Ball, location: 2F 2-2: Ball 3-2: Base on Balls
|
Pitching: RHP Howie Seidler
|
|
Batting: RHB Shannon Beck
|
0-0: Ball Travis Robinson is caught stealing 2nd base 2-4 1-0: Ball 2-0: Called Strike 2-1: Fly out, F7 (Flyball, 7, EV 86.9 MPH)
|
Batting: RHB Moses Brokken
|
0-0: Called Strike 0-1: Swinging Strike 0-2: Ball 1-2: Ball 2-2: Ball 3-2: Strikes out swinging
|
Top of the 4th over - 0 runs, 0 hits, 0 errors, 0 left on base; Beloit 0 - Lexington 2 |
BOTTOM OF THE 4TH |
Lexington Legends batting - Pitching for Beloit Snappers : RHP Terry Evans
|
Batting: LHB Kevin Rolison
|
0-0: Ball 1-0: Foul Ball, location: 2F 1-1: Ball 2-1: Swinging Strike 2-2: Foul Ball, location: 2F 2-2: Ball 3-2: Base on Balls
|
Batting: LHB Joe Cozart
|
0-0: Ball 1-0: Called Strike 1-1: Ball 2-1: Called Strike 2-2: Foul Ball, location: 2F 2-2: Strikes out swinging
|
Batting: LHB Randy Stapleton
|
0-0: Ball 1-0: Swinging Strike 1-1: Foul Ball, location: 2F 1-2: Ball 2-2: Strikes out looking
|
Batting: RHB Justin Goff
|
0-0: Called Strike 0-1: Foul Ball, location: 2F 0-2: Ball 1-2: Strikes out swinging
|
Bottom of the 4th over - 0 runs, 0 hits, 0 errors, 1 left on base; Beloit 0 - Lexington 2 |
TOP OF THE 5TH |
Beloit Snappers batting - Pitching for Lexington Legends : RHP Howie Seidler
|
Batting: RHB Roger Simmons
|
0-0: Reached on error, E6 (Groundball, 56, EV 98.1 MPH)
|
Batting: SHB Ivan Barry
|
0-0: Ball 1-0: Swinging Strike 1-1: Ball 2-1: Foul Ball, location: 2F 2-2: Ball 3-2: Base on Balls
|
Batting: SHB Matt Sybrant
|
0-0: Grounds into double play, 6-4-3 (Groundball, 6M, EV 107.5 MPH) Roger Simmons to third
|
Batting: RHB Manny Moron
|
0-0: Called Strike 0-1: Ball 1-1: Swinging Strike 1-2: Strikes out swinging
|
Top of the 5th over - 0 runs, 0 hits, 1 error, 1 left on base; Beloit 0 - Lexington 2 |
BOTTOM OF THE 5TH |
Lexington Legends batting - Pitching for Beloit Snappers : RHP Terry Evans
|
Batting: LHB Danny Pacheco
|
0-0: Called Strike 0-1: Swinging Strike 0-2: Ball 1-2: Ball 2-2: Foul Ball, location: 2F 2-2: Ball 3-2: Strikes out looking
|
Batting: RHB Oren Jones
|
0-0: Foul Ball, location: 2F 0-1: Called Strike 0-2: Ball 1-2: Ball 2-2: Ball 3-2: Strikes out swinging
|
Batting: RHB Tim Persson
|
0-0: Called Strike 0-1: Ball 1-1: Fly out, F8 (Flyball, 8RD, EV 93.1 MPH)
|
Bottom of the 5th over - 0 runs, 0 hits, 0 errors, 0 left on base; Beloit 0 - Lexington 2 |
TOP OF THE 6TH |
Beloit Snappers batting - Pitching for Lexington Legends : RHP Howie Seidler
|
Pitching: LHP Butch Ott
|
|
Batting: RHB Josh Mauer
|
0-0: Ball 1-0: Called Strike 1-1: Foul Ball, location: 2F 1-2: Strikes out swinging
|
Batting: LHB Jeremy Brammer
|
0-0: Foul Ball, location: 2F 0-1: Swinging Strike 0-2: Foul Ball, location: 2F 0-2: Foul Ball, location: 2F 0-2: Strikes out swinging
|
Batting: RHB Travis Robinson
|
0-0: Fly out, F8 (Line Drive, 8LM, EV 89.4 MPH)
|
Top of the 6th over - 0 runs, 0 hits, 0 errors, 0 left on base; Beloit 0 - Lexington 2 |
BOTTOM OF THE 6TH |
Lexington Legends batting - Pitching for Beloit Snappers : RHP Terry Evans
|
Batting: LHB Bobby Gonzalez
|
0-0: Called Strike 0-1: Foul Ball, location: 2F 0-2: Ball 1-2: Ball 2-2: Foul Ball, location: 2F 2-2: Ground out 1-3 (Groundball, 13, EV 66.2 MPH)
|
Batting: SHB Bill Ertl
|
0-0: Called Strike 0-1: Ball 1-1: Called Strike 1-2: Strikes out swinging
|
Batting: LHB Kevin Rolison
|
0-0: Ball 1-0: Ground out 6-3 (Groundball, 6, EV 76.9 MPH)
|
Bottom of the 6th over - 0 runs, 0 hits, 0 errors, 0 left on base; Beloit 0 - Lexington 2 |
TOP OF THE 7TH |
Beloit Snappers batting - Pitching for Lexington Legends : LHP Butch Ott
|
Batting: RHB Shannon Beck
|
0-0: Called Strike 0-1: Foul Ball, location: 2F 0-2: Ball 1-2: Ball 2-2: Ball 3-2: Strikes out swinging
|
Batting: RHB Moses Brokken
|
0-0: Ball 1-0: Called Strike 1-1: Swinging Strike 1-2: Strikes out swinging
|
Pitching: RHP Rich Frontczak
|
|
Batting: RHB Roger Simmons
|
0-0: Fly out, F8 (Flyball, 78M, EV 93.1 MPH)
|
Top of the 7th over - 0 runs, 0 hits, 0 errors, 0 left on base; Beloit 0 - Lexington 2 |
BOTTOM OF THE 7TH |
Lexington Legends batting - Pitching for Beloit Snappers : RHP Terry Evans
|
Pitching: LHP Jin-ho Koo
|
|
Batting: LHB Joe Cozart
|
0-0: Called Strike 0-1: Ground out U3 (Groundball, 34, EV 85.0 MPH)
|
Batting: LHB Randy Stapleton
|
0-0: Ball 1-0: Swinging Strike 1-1: Foul Ball, location: 2F 1-2: Ball 2-2: Ground out 4-3 (Groundball, 4S, EV 70.0 MPH)
|
Pitching: RHP Jaylen Johnson
|
|
Batting: RHB Justin Goff
|
0-0: Swinging Strike 0-1: Foul Ball, location: 2F 0-2: Foul Ball, location: 2F 0-2: Ball 1-2: Foul Ball, location: 2F 1-2: DOUBLE (Flyball, 8LXD, EV 98.1 MPH)
|
Batting: LHB Danny Pacheco
|
0-0: Intentional Walk
|
Batting: RHB Oren Jones
|
0-0: Called Strike 0-1: Swinging Strike 0-2: Strikes out swinging
|
Bottom of the 7th over - 0 runs, 1 hit, 0 errors, 2 left on base; Beloit 0 - Lexington 2 |
TOP OF THE 8TH |
Beloit Snappers batting - Pitching for Lexington Legends : RHP Rich Frontczak
|
Batting: SHB Ivan Barry
|
0-0: Ball 1-0: Swinging Strike 1-1: Foul Ball, location: 2F 1-2: Ball 2-2: Foul Ball, location: 2F 2-2: Strikes out looking
|
Batting: SHB Matt Sybrant
|
0-0: Ball 1-0: Ground out 5-3 (Groundball, 56, EV 76.2 MPH)
|
Batting: RHB Manny Moron
|
0-0: Swinging Strike 0-1: Swinging Strike 0-2: Foul Ball, location: 2F 0-2: Strikes out swinging
|
Top of the 8th over - 0 runs, 0 hits, 0 errors, 0 left on base; Beloit 0 - Lexington 2 |
BOTTOM OF THE 8TH |
Lexington Legends batting - Pitching for Beloit Snappers : RHP Jaylen Johnson
|
Batting: RHB Tim Persson
|
0-0: Ball 1-0: Foul Ball, location: 2F 1-1: Ball 2-1: Swinging Strike 2-2: Ball 3-2: Strikes out swinging
|
Batting: LHB Bobby Gonzalez
|
0-0: Fly out, F5 (Popup, 15, EV 84.4 MPH)
|
Batting: SHB Bill Ertl
|
0-0: Called Strike 0-1: Ball 1-1: Called Strike 1-2: Foul Ball, location: 2F 1-2: Foul Ball, location: 2F 1-2: Ball 2-2: Ball 3-2: Strikes out swinging
|
Bottom of the 8th over - 0 runs, 0 hits, 0 errors, 0 left on base; Beloit 0 - Lexington 2 |
TOP OF THE 9TH |
Beloit Snappers batting - Pitching for Lexington Legends : RHP Rich Frontczak
|
Pitching: RHP Bryan Kiefer
|
|
Batting: RHB Josh Mauer
|
0-0: Foul Ball, location: 2F 0-1: Foul Ball, location: 2F 0-2: Strikes out swinging
|
Batting: LHB Jeremy Brammer
|
0-0: Called Strike 0-1: Ball 1-1: Ball 2-1: DOUBLE (Line Drive, 9LD, EV 109.4 MPH)
|
Batting: RHB Travis Robinson
|
0-0: Swinging Strike 0-1: Swinging Strike 0-2: Strikes out looking
|
Batting: RHB Shannon Beck
|
0-0: Ball 1-0: Ball 2-0: Ball 3-0: Called Strike 3-1: Foul Ball, location: 2F 3-2: 2-RUN HOME RUN (Flyball, 7D, EV 100.0 MPH), Distance : 388 ft
|
Batting: RHB Moses Brokken
|
0-0: Called Strike 0-1: Ball 1-1: Swinging Strike 1-2: Strikes out looking
|
Top of the 9th over - 2 runs, 2 hits, 0 errors, 0 left on base; Beloit 2 - Lexington 2 |
BOTTOM OF THE 9TH |
Lexington Legends batting - Pitching for Beloit Snappers : RHP Jaylen Johnson
|
Pitching: RHP Ben Jennings
|
|
Batting: LHB Kevin Rolison
|
0-0: Called Strike 0-1: Ball 1-1: Ball 2-1: Foul Ball, location: 2F 2-2: Ball 3-2: Strikes out swinging
|
Batting: LHB Joe Cozart
|
0-0: Called Strike 0-1: Foul Ball, location: 2F 0-2: Ball 1-2: Ball 2-2: Foul Ball, location: 2F 2-2: Strikes out swinging
|
Batting: LHB Randy Stapleton
|
0-0: Ball 1-0: Ball 2-0: Ball 3-0: Called Strike 3-1: Foul Ball, location: 2F 3-2: Foul Ball, location: 2F 3-2: Foul Ball, location: 2F 3-2: Strikes out swinging
|
Bottom of the 9th over - 0 runs, 0 hits, 0 errors, 0 left on base; Beloit 2 - Lexington 2 |
TOP OF THE 10TH |
Beloit Snappers batting - Pitching for Lexington Legends : RHP Bryan Kiefer
|
Pitching: RHP Neil Drain
|
|
Batting: RHB Roger Simmons
|
0-0: SINGLE (Line Drive, 7S, EV 100.6 MPH)
|
Batting: SHB Ivan Barry
|
0-0: Sac Bunt to 15S - play at first, batter OUT! 1-4 Roger Simmons to second
|
Batting: SHB Matt Sybrant
|
0-0: Ball 1-0: Ball 2-0: Ball 3-0: 2-RUN HOME RUN (Flyball, 9D, EV 97.5 MPH), Distance : 359 ft
|
Batting: RHB Manny Moron
|
0-0: Called Strike 0-1: SINGLE (Flyball, 8RS, EV 101.2 MPH)
|
Batting: RHB Josh Mauer
|
0-0: Ball Manny Moron steals 2nd base 1-0: Foul Ball, location: 2F 1-1: Swinging Strike 1-2: SINGLE (Line Drive, 8RS, EV 102.5 MPH) Manny Moron to third Runner from 3rd tries for Home, SAFE, throw by CF to home Josh Mauer to second
|
Batting: LHB Jeremy Brammer
|
0-0: Called Strike 0-1: Ball 1-1: Ball 2-1: Ball 3-1: Foul Ball, location: 2F 3-2: Foul Ball, location: 2F 3-2: Base on Balls
|
Batting: RHB Travis Robinson
|
0-0: Called Strike 0-1: Ball 1-1: Foul Ball, location: 2F 1-2: Fly out, F9 (Line Drive, 9LM, EV 108.8 MPH)
|
Batting: RHB Shannon Beck
|
0-0: 3-RUN HOME RUN (Flyball, 7D, EV 110.6 MPH), Distance : 410 ft
|
Batting: RHB Moses Brokken
|
0-0: Called Strike 0-1: Ball 1-1: Foul Ball, location: 2F 1-2: Ball 2-2: SOLO HOME RUN (Flyball, 7D, EV 101.2 MPH), Distance : 385 ft
|
Batting: RHB Roger Simmons
|
0-0: Ball 1-0: DOUBLE (Line Drive, 7LM, EV 102.5 MPH)
|
Batting: SHB Ivan Barry
|
0-0: Swinging Strike 0-1: Ball 1-1: Ball 2-1: Ball 3-1: Base on Balls
|
Batting: SHB Matt Sybrant
|
0-0: Called Strike 0-1: Ball 1-1: Foul Ball, location: 2F 1-2: Ball 2-2: Ball 3-2: Base on Balls Roger Simmons to third Ivan Barry to second
|
Batting: RHB Manny Moron
|
0-0: Ball 1-0: Swinging Strike 1-1: Foul Ball, location: 2F 1-2: Ball 2-2: Foul Ball, location: 2F 2-2: Ball 3-2: Foul Ball, location: 2F 3-2: Base on Balls Roger Simmons scores Ivan Barry to third Matt Sybrant to second
|
Pitching: RHP Shane Bruce
|
|
Batting: RHB Josh Mauer
|
0-0: Called Strike 0-1: Called Strike 0-2: Ball 1-2: Foul Ball, location: 2F 1-2: Fly out, F7 (Line Drive, 78S, EV 98.8 MPH)
|
Top of the 10th over - 8 runs, 7 hits, 0 errors, 3 left on base; Beloit 10 - Lexington 2 |
BOTTOM OF THE 10TH |
Lexington Legends batting - Pitching for Beloit Snappers : RHP Ben Jennings
|
Batting: RHB Justin Goff
|
0-0: Foul Ball, location: 2F 0-1: SINGLE (Flyball, 78S, EV 96.2 MPH)
|
Pinch Hitting: LHB Omar Marquez
|
0-0: Fly out, F7 (Flyball, 7LS, EV 92.5 MPH)
|
Pinch Hitting: LHB Ernesto Abreu
|
0-0: Called Strike 0-1: Called Strike 0-2: Grounds into double play, 4-6-3 (Groundball, 4D, EV 98.1 MPH)
|
Bottom of the 10th over - 0 runs, 1 hit, 0 errors, 0 left on base; Beloit 10 - Lexington 2 |
|